 Dungeon Crawl Stone Soup version 0.24-a0-464-g6b2be6b8c7 (webtiles) character file.

Game seed: 12544521628768590501

835 Mithandil the Conjurer (level 7, 0/48 HPs)
             Began as a Deep Elf Conjurer on July 4, 2019.
             Was a Follower of Vehumet.
             Succumbed to an orc's poison
             ... on level 6 of the Dungeon.
             The game lasted 00:52:36 (6036 turns).

Mithandil the Conjurer (Deep Elf Conjurer)          Turns: 6036, Time: 00:52:37

Health: 0/48       AC: 24    Str:  5    XL:     7   Next: 66%
Magic:  11/18      EV:  2    Int: 27    God:    Vehumet [*.....]
Gold:   296        SH:  3    Dex: 15    Spells: 0/18 levels left

rFire    + . .     SeeInvis .   a - +5 dagger
rCold    . . .     Gourm    .   (no shield)
rNeg     + + +     Faith    .   (armour currently unavailable)
rPois    +         Spirit   .   (helmet currently unavailable)
rElec    .         Reflect  +   (cloak currently unavailable)
rCorr    .         Harm     .   (gloves currently unavailable)
MR       .....     NoTele   +   (boots currently unavailable)
Stlth    +++.......             k - +3 amulet of reflection
HPRegen  0.16/turn              i - +1 ring of protection
MPRegen  0.16/turn              j - ring of protection from fire

@: brilliant, lethally poisoned (0 -> -6), tree-form, berserk cooldown, very
slightly contaminated, hasted and slowed, invisible
A: frail 1, mutation resistance 1
a: Renounce Religion


You were on level 6 of the Dungeon.
You worshipped Vehumet.
Vehumet was aware of your devotion.
You were full.
You were a tree.
You visited 2 branches of the dungeon, and saw 8 of its levels.

You collected 296 gold pieces.

Inventory:

Hand Weapons
 a - a +5 dagger (weapon)
 o - a +1 dagger of speed
Missiles
 f - 253 stones (quivered)
 B - 26 arrows
Armour
 g - a +0 pair of gloves (melded)
 h - a +0 robe (melded)
Magical Staves
 A - a cursed staff of air {unknown}
Jewellery
 d - an uncursed amulet of the acrobat
 i - a +1 ring of protection (left branch)
 j - a ring of protection from fire (right branch)
 k - a +3 amulet of reflection (around neck)
 n - an uncursed amulet of the gourmand
 t - an uncursed ring of wizardry {unknown}
 v - an uncursed amulet of harm {unknown}
Wands
 m - a wand of acid (6)
 y - a wand of clouds (6)
Scrolls
 s - a scroll of blinking
 w - a scroll of fog
 z - a scroll of teleportation
Potions
 e - 2 potions of berserk rage
 p - 2 potions of haste
 q - a potion of invisibility
 x - a potion of ambrosia {unknown}
Comestibles
 c - 3 rations


   Skills:
 + Level 2.3 Short Blades
 + Level 4.2 Dodging
 + Level 4.7 Stealth
 * Level 6.4 Spellcasting
 * Level 6.4 Conjurations
 + Level 1.1 Hexes
 + Level 1.9 Translocations
 + Level 2.2 Ice Magic


You couldn't memorise any spells.
You knew the following spells:

 Your Spells              Type           Power        Failure   Level  Hunger
a - Magic Dart            Conj           ####         1%          1    None
b - Throw Frost           Conj/Ice       #####.       1%          2    None
c - Searing Ray           Conj           ######       1%          2    None
d - Iskenderun's Mystic   Conj           ######..     1%          4    ###....
e - Force Lance           Conj/Tloc      #####...     1%          4    ###....
f - Dazzling Spray        Conj/Hex       #####.       1%          3    None
g - Freeze                Ice            ####         1%          1    None
h - Shock                 Conj/Air       ####         1%          1    None

Your spell library contained the following spells:

 Spells                   Type           Power        Failure   Level  Hunger
 Confusing Touch          Hex            ####..       1%          1    None
 Confuse                  Hex            ####....     1%          3    None
 Gell's Gravitas          Tloc           #####.....   1%          3    None
 Ozocubu's Armour         Chrm/Ice       ####....     1%          3    None
 Fulminant Prism          Conj/Hex       #####.....   1%          4    ###....
 Throw Icicle             Conj/Ice       #####...     1%          4    ###....
 Summon Ice Beast         Ice/Summ       ####....     4%          4    ###....
 Petrify                  Tmut/Erth      ###.....     7%          4    ###....
 Metabolic Englaciation   Hex/Ice        ####......   10%         5    #####..
 Yara's Violent Unravell  Hex/Tmut       ####......   14%         5    #####..


Dungeon Overview and Level Annotations

Branches:
Dungeon (7/15)             Temple (1/1) D:4

Altars:
Ashenzari
Cheibriados
Dithmenos
Elyvilon
Fedhas
Gozag
Hepliaklqana
Kikubaaqudgha
Makhleb
Nemelex Xobeh
Okawaru
Qazlal
Ru
Sif Muna
Trog
Uskayaw
Vehumet
Wu Jian
Xom
Yredelemnul
Zin
The Shining One


Innate Abilities, Weirdness & Mutations

You are frail. (-10% HP)
You are somewhat resistant to further mutation.
((Your system is resistant to poisons. (rPois)))


Message History

It was a potion of mutation.
You feel extremely strange.
You feel genetically stable.
You feel frail.
You feel resistant to poisons.
* * * LOW HITPOINT WARNING * * *
You feel sick.
It was a potion of haste.
You feel yourself speed up.
* * * LOW HITPOINT WARNING * * *
You feel sick.
It was a potion of invisibility.
You fade into invisibility!
* * * LOW HITPOINT WARNING * * *
You feel sick.
You are very lightly contaminated with residual magic.
It was a potion of lignification.
You turn into a tree.
Your +0 pair of gloves melds into your body.
Your +0 robe melds into your body.
Your roots penetrate the ground.
* * * LOW HITPOINT WARNING * * *
You feel sick.
Unknown command.
It was a potion of flight.
Your roots keep you in place.
You die...

..# #.# #.# #.# ..#### #.# #.#
#.# .....## #.# #.# #.# ......#
#.# ########.# #.# ..##..# #.#
#........###.# ..##..#
#.####.########...#####
####..#####......................
#...........†.########...#####
##.######....♣......###.## #.#
#.....#####.# #.# #.# #.....# #.#
#.# #.# ###.### #.# #)# #.# #.#
#.# #># #####.# #.# #.###)##
#...#.# #.# #.##...# #'#...# #.#
#...)#.# #.###.# #.# ####...#


There were no monsters in sight!

Vanquished Creatures
  A bullfrog (D:6)
  4 scorpions
  A howler monkey (D:6)
  A crimson imp (D:7)
  3 hounds
  2 orc priests
  2 iguanas
  A bullfrog skeleton (D:4)
  4 worker ants
  A hound skeleton (D:4)
  2 worker ant zombies (D:5)
  An adder (D:2)
  2 shadow imps (D:5)
  2 oozes
  2 worms
  4 dart slugs
  2 leopard geckos
  12 orcs
  4 ball pythons
  8 bats
  11 giant cockroaches
  13 goblins
  4 hobgoblins
  2 jackals (D:6)
  2 quokkas
  3 frilled lizards
  7 kobolds
  2 quokka skeletons
  6 rats
109 creatures vanquished.

Notes
Turn   | Place    | Note
-------+----------+-------------------------------------------
     0 | D:1      | Mithandil the Deep Elf Conjurer began the quest for the
                  | Orb.
     0 | D:1      | Reached XP level 1. HP: 10/10 MP: 6/6
   120 | D:1      | Reached XP level 2. HP: 15/15 MP: 2/8
   131 | D:1      | Learned a level 2 spell: Searing Ray
   657 | D:1      | Reached XP level 3. HP: 19/19 MP: 2/10
  1014 | D:2      | Reached skill level 5 in Conjurations
  1370 | D:2      | Reached XP level 4. HP: 24/24 MP: 8/12
  1376 | D:2      | Learned a level 4 spell: Force Lance
  1381 | D:2      | Learned a level 4 spell: Iskenderun's Mystic Blast
  1642 | D:3      | Found a shattered altar of Ashenzari.
  1843 | D:3      | Found a glowing golden altar of the Shining One.
  2544 | D:3      | Reached skill level 1 in Short Blades
  2544 | D:3      | Reached XP level 5. HP: 4/28 MP: 0/14
  2548 | D:3      | Learned a level 2 spell: Throw Frost
  2943 | D:4      | Reached skill level 5 in Spellcasting
  3057 | D:4      | Found a staircase to the Ecumenical Temple.
  3109 | Temple   | Entered the Ecumenical Temple
  3223 | Temple   | Became a worshipper of Vehumet
  3369 | D:4      | Reached XP level 6. HP: 32/32 MP: 10/15
  3596 | D:5      | Entered Level 5 of the Dungeon
  3702 | D:4      | Reached skill level 1 in Ice Magic
  4125 | D:5      | Reached skill level 1 in Translocations
  4500 | D:6      | Reached XP level 7. HP: 34/36 MP: 11/17
  4505 | D:6      | Learned a level 3 spell: Dazzling Spray
  4507 | D:6      | Learned a level 1 spell: Freeze
  5520 | D:7      | Noticed a hippogriff
  5600 | D:6      | Reached * piety under Vehumet
  5600 | D:6      | Offered knowledge of Shock by Vehumet.
  5603 | D:6      | Learned a level 1 spell: Shock
  6015 | D:7      | Reached skill level 1 in Hexes
  6032 | D:6      | Gained mutation: You are somewhat resistant to further
                  | mutation. [potion of mutation]
  6032 | D:6      | Gained mutation: You are frail. (-10% HP) [potion of
                  | mutation]
  6032 | D:6      | Gained mutation: Your system is resistant to poisons.
                  | (rPois) [potion of mutation]
  6034 | D:6      | HP: 1/32 [poisoned by an orc]
  6036 | D:6      | Succumbed to an orc's poison

Levels and vault maps discovered:
D:1:      nzn_arrival_water_spiral, layout_basic
D:2:      layout_basic, feat_on_display
D:3:      layout_basic, tso_altar, cheibrodos_ashenzari_chains
D:4:      wander_river, layout_basic, minmay_temple_entry_mini_moons,
          first_ration
D:5:      layout_basic
D:6:      layout_loops_ring, grunt_ministairs_15
D:7:      layout_gridville, serial_bayou_crossing
Temple:   kilobyte_greek_temple

Skill      XL: |  1  2  3  4  5  6  7 |
---------------+----------------------+-----
Stealth        | 3 4 |  4.7
Conjurations   | 5 6 |  6.4
Spellcasting   | 4 5 6 |  6.4
Dodging        | 3 4 |  4.2
Short Blades   | 1 2 |  2.3
Ice Magic      | 1 2 |  2.2
Translocations | 1 |  1.9
Hexes          | 1 |  1.1

Action                   |  1- 3 |  4- 6 |  7- 9 || total
-------------------------+-------+-------+-------++-------
Melee: Dagger            |       |     7 |       ||     7
 Cast: Magic Dart        |    84 |   174 |    64 ||   322
       Freeze            |       |       |     9 ||     9
  Use: Scroll            |     2 |     9 |     2 ||    13
       Potion            |       |     1 |     8 ||     9
  Eat: Ration            |     1 |     3 |     2 ||     6
Armor: Robe              |     2 |    13 |     9 ||    24
Dodge: Dodged            |     7 |    32 |    40 ||    79
Block: Other             |       |     5 |     5 ||    10

Table legend:
 A = Non-vault XP
 B = Vault XP
 C = Vault XP percentage of total XP
 D = Non-vault monster count
 E = Vault monster count
 F = Vault count percentage of total count
                 A         B        C        D         E       F
            +---------+---------+-------+---------+---------+-------
      Total |    1083 |     110 |   9.2 |     107 |       2 |   1.8
            +---------+---------+-------+---------+---------+-------
        D:1 |      41 |       0 |   0.0 |      20 |       0 |   0.0
        D:2 |      61 |       0 |   0.0 |      24 |       0 |   0.0
        D:3 |     140 |       0 |   0.0 |      19 |       0 |   0.0
        D:4 |     213 |       0 |   0.0 |      12 |       0 |   0.0
        D:5 |     190 |       0 |   0.0 |      17 |       0 |   0.0
        D:6 |     344 |     110 |  24.2 |      12 |       2 |  14.3
        D:7 |      94 |       0 |   0.0 |       3 |       0 |   0.0
            +---------+---------+-------+---------+---------+-------
